 Dungeon Sprint DCSS version 0.28.0-53-g5a82cb258f (webtiles) character file.

Game seed: 10600385974412331675

1200000 Zeld the Acrobat (level 15, -19/129 HPs)
             Began as a Djinni Monk on May 26, 2022.
             Was a Priest of Makhleb.
             Demolished by a meat berserker
             ... wielding a +9 battleaxe
              (53 damage)
             ... in the Dungeon (Sprint VIII: "Arena of Blood").
             The game lasted 00:00:17 (12 turns).

Zeld the Acrobat (Djinni Monk)                        Turns: 12, Time: 00:00:18

Health: -19/129    AC:  2    Str: 14    XL:     15   Next: 14%
Gold:   0          EV: 24    Int: 15    God:    Makhleb [***...] SH:  0 Dex: 16

rFire   + + .      SeeInvis .   g - +∞ Axe of Woe
rCold   x . .      Faith    .   (shield currently unavailable)
rNeg    . . .      Spirit   .   a - +0 robe
rPois   ∞          Reflect  .   (no helmet)
rElec   .          Harm     .   (no cloak)
rCorr   .          Rampage  .   (no gloves)
Will    +....      NoTele   +   (boots unavailable)
Stlth   ++++......              (no amulet)
HPRegen 0.31/turn               (no ring)
MPRegen 0.00/turn               (no ring)

@: flying
A: sickness immunity, fire resistance 2, cold vulnerability 1, float, innate
caster, HP casting, extra vitality 1
a: Renounce Religion, Minor Destruction, Lesser Servant of Makhleb


You were in the Dungeon.
You worshipped Makhleb.
Makhleb was most pleased with you.
You visited 1 branch

Inventory:

Hand Weapons
 g - the +∞ Axe of Woe (weapon)
   (You found it in the Dungeon)
Armour
 a - a +0 robe (worn)
Scrolls
 f - a scroll of blinking
Potions
 b - a potion of curing
 c - a potion of heal wounds
 d - a potion of haste
 e - a potion of berserk rage


   Skills:
 + Level 19.5 Fighting
 * Level 14.8 Axes
 + Level 21.1 Dodging
 + Level 7.0 Stealth
 + Level 18.5 Unarmed Combat
 * Level 13.4 Spellcasting


You had 15 spell levels left.
You knew the following spells:

 Your Spells              Type           Power      Damage    Failure   Level
a - Sting                 Tmut/Pois      100%       1d8       1%          1
b - Static Discharge      Conj/Air       50%        N/A       1%          2
c - Swiftness             Air            50%        N/A       1%          3
d - Hailstorm             Conj/Ice       50%        3d11      1%          4
e - Summon Ice Beast      Ice/Summ       50%        N/A       1%          4
f - Silence               Hex/Air        25%        N/A       1%          5
g - Starburst             Conj/Fire      25%        6d8       4%          6
Your spell library was empty.

Dungeon Overview and Level Annotations

Branches:
Dungeon (1/1)

Altars:
Makhleb


Innate Abilities, Weirdness & Mutations

You are immune to sickness and miasma.
You are immune to poison.
Your flesh is very heat resistant. (rF++)
You are vulnerable to cold. (rC-)
You float through the air rather than walking.
You learn spells naturally, not from books.
Your magical power is your life essence.
You have superior vitality. (+4 MHP)


Message History

You kill the bag of meat!
Makhleb accepts your kill.
You feel better.
You hit the meat berserker.
You cleave the meat berserker in twain.
You kill the meat berserker!
Makhleb accepts your kill.
You feel better.
The bag of meat appears out of thin air!
A bag of meat comes into view. It is wielding a +9 war axe.
You hear a shout! x2
The meat berserker rages.
You hear a shout! x12
Your Fighting skill gained 2 levels and is now at level 19!
Your Axes skill increases to level 14!
Your Dodging skill gained 2 levels and is now at level 21!
Your Stealth skill increases to level 7!
Your Unarmed Combat skill gained 2 levels and is now at level 18!
Your Spellcasting skill gained 2 levels and is now at level 13!
You have reached level 15!
Your experience leads to an increase in your attributes!
Increase (S)trength, (I)ntelligence, or (D)exterity?
You feel clever. x2
The power to cast Starburst wells up from within.
Spell assigned to 'g'.
Cast which spell? (? or * to list)
Casting: Starburst (dangerous; 4% risk of failure)
Press: ? - help, Dir - look around, f - activate You can't see any item there.
The bolt of fire hits the bag of meat!!
The bag of meat is lightly wounded.
The bolt of fire hits the meat berserker!!
The meat berserker is lightly wounded.
You hear a shout! x2
The meat berserker rages.
You hear a shout! x7
A bag of meat comes into view. It is wielding a +9 war axe.
The bag of meat hits you with a +9 war axe!!!
* * * LOW HITPOINT WARNING * * *
The meat berserker hits you with a +9 battleaxe!!!
You die...

.. .O .. .. #.
.# #.. .o#
.###.o ..###.
......###o.....
....o.._.......
....#..)O.#....
. #_.@)_# .
#..o..#
...o._.....
......###o.....
.###.. ..###.
#.. ..# #.. ..#
.. o.


You could see a meat berserker (berserk) and 8 bags of meat.

Vanquished Creatures
  2 ogres (D)
  4 orcs (D)
6 creatures vanquished.

Notes
Turn   | Place    | Note
-------+----------+-------------------------------------------
     0 | D        | Found the +∞ Axe of Woe
     0 | D        | Zeld the Djinni Monk began the quest for the Orb.
     0 | D        | Reached XP level 1. HP: 20/20 MP: 0/0
     2 | D        | Noticed a bag of meat
     4 | D        | Became a worshipper of Makhleb the Destroyer
     4 | D        | Reached * piety under Makhleb
     4 | D        | Reached ** piety under Makhleb
     4 | D        | Noticed a bag of meat
     5 | D        | Noticed a meat berserker
     5 | D        | Noticed a bag of meat
     6 | D        | Noticed a bag of meat
     6 | D        | Noticed a meat berserker
     8 | D        | Noticed a bag of meat
     8 | D        | Noticed a bag of meat
     9 | D        | Killed a bag of meat
     9 | D        | Noticed a bag of meat
     9 | D        | Noticed a bag of meat
     9 | D        | Noticed a bag of meat
     9 | D        | Noticed a bag of meat
     9 | D        | Noticed a meat berserker
    10 | D        | Reached skill level 13 in Dodging
    10 | D        | Reached XP level 2. HP: 39/39 MP: 0/0
    10 | D        | Reached XP level 3. HP: 44/44 MP: 0/0
    10 | D        | Learned a level 1 spell: Sting
    10 | D        | Reached XP level 4. HP: 50/50 MP: 0/0
    10 | D        | Reached XP level 5. HP: 56/56 MP: 0/0
    10 | D        | Learned a level 2 spell: Static Discharge
    10 | D        | Reached XP level 6. HP: 62/62 MP: 0/0
    10 | D        | Reached XP level 7. HP: 67/67 MP: 0/0
    10 | D        | Learned a level 3 spell: Swiftness
    10 | D        | Reached XP level 8. HP: 74/74 MP: 0/0
    10 | D        | Reached XP level 9. HP: 79/79 MP: 0/0
    10 | D        | Learned a level 4 spell: Hailstorm
    10 | D        | Reached XP level 10. HP: 85/85 MP: 0/0
    10 | D        | Reached XP level 11. HP: 91/91 MP: 0/0
    10 | D        | Learned a level 4 spell: Summon Ice Beast
    10 | D        | Killed a meat berserker
    10 | D        | Killed a bag of meat
    10 | D        | Killed a bag of meat
    10 | D        | Reached *** piety under Makhleb
    10 | D        | Noticed a bag of meat
    11 | D        | Reached skill level 19 in Dodging
    11 | D        | Reached XP level 12. HP: 29/107 MP: 0/0
    11 | D        | Reached XP level 13. HP: 30/112 MP: 0/0
    11 | D        | Learned a level 5 spell: Silence
    11 | D        | Reached XP level 14. HP: 32/119 MP: 0/0
    11 | D        | Killed a bag of meat
    11 | D        | Killed a meat berserker
    12 | D        | Reached skill level 21 in Dodging
    12 | D        | Reached XP level 15. HP: 85/129 MP: 0/0
    12 | D        | Learned a level 6 spell: Starburst
    12 | D        | Demolished by a meat berserker

Illustrated notes

Levels and vault maps discovered:
D:        meatsprint

Skill      XL: |  1  2  3  4  5  6  7  8  9 10 11 12 13 14 |
---------------+-------------------------------------------+-----
Fighting       | 12 17 19 | 19.5
Axes           | 9 13 14 | 14.8
Dodging        | 13 19 21 | 21.1
Stealth        | 4 6 7 |  7.0
Unarmed Combat | 12 16 18 | 18.5
Spellcasting   | 8 11 13 | 13.4

Action                   |  1- 3 |  4- 6 |  7- 9 | 10-12 | 13-15 || total
-------------------------+-------+-------+-------+-------+-------++-------
Melee: Executioner's axe |     1 |       |       |     1 |     1 ||     3
 Cast: Starburst         |       |       |       |       |     1 ||     1
